Map: Eternal Empire LE

Players

suistrop

  • Race: Zerg Zerg
  • League: Diamond
  • Spawn Location: 7:00

RyuKey - Winner!

  • Race: Terran Terran
  • League: Diamond
  • Spawn Location: 1:00

VOD

Have the link to the VOD?

Description

Time

  • Played on: June 21, 2020, 5:58 p.m.
  • Length: 3:00
Show
View Real Time Build Order
Export as new Build Order

suistrop Zerg 

Build Orders: Hatch First 

Get SALT Encoding   

  12  0:01  Drone  
  13  0:08  Drone  
  14  0:16  Overlord  
  14  0:22  Extractor  
  14  0:23  Drone  
  15  0:34  Drone  
  15  0:35  Drone  
  17  0:44  Drone  
  18  0:57  Hatchery  
  18  0:59  Drone  
  18  1:00  Extractor  
  17  1:06  Drone  
  18  1:15  Spawning Pool  
  18  1:18  Drone  
  18  1:27  Drone  
  19  1:38  Overlord  
  19  1:49  Drone  
  20  2:02  Zergling x2, Queen  
  23  2:10  Zergling x2, Queen  
  23  2:12  Spine Crawler  
  25  2:16  Drone  
  26  2:26  Zergling x2  
  24  2:38  Zergling x6  
  25  2:56  Spine Crawler  
Show
View Real Time Build Order
Export as new Build Order

RyuKey Terran - Winner!

Build Orders:  

Get SALT Encoding   

  12  0:01  SCV  
  13  0:18  Supply Depot  
  13  0:41  Barracks  
  13  0:46  Barracks  
  13  1:02  Barracks  
  13  1:05  SCV  
  14  1:29  Marine  
  14  1:32  Marine  
  16  1:42  Supply Depot  
  16  1:47  Marine  
  16  1:49  Marine  
  16  1:50  Marine  
  19  1:54  Orbital Command  
  19  2:04  Bunker  
  19  2:08  Marine  
  20  2:13  Marine  
  21  2:19  Marine  
  22  2:30  Marine  
  22  2:31  Marine  
  24  2:37  Marine  
Tags
 
Add a new tag
Caveats
  • Supply blocks, unpowered buildings, or Contaminate may cause inaccurate times.
  • Supply counts are checked every 10 seconds.